 Dungeon Crawl Stone Soup version 0.23-a0-612-gcb482e9 (console) character file.

4428 Duffy the Cleaver (level 10, -8/74 HPs)
             Began as a Formicid Fighter on Dec 21, 2018.
             Was a Priest of the Shining One.
             Mangled by Gastronok (18 damage)
             ... on level 8 of the Dungeon.
             The game lasted 00:09:54 (8245 turns).

Duffy the Cleaver (Formicid Fighter)                Turns: 8245, Time: 00:09:55

Health: -8/74      AC: 17    Str: 24    XL:     10   Next: 62%
Magic:  10/10      EV:  7    Int:  8    God:    the Shining One [***...]
Gold:   313        SH: 11    Dex: 10    Spells: 9/9 levels left

rFire    . . .     SeeInvis +   a - +0 war axe
rCold    . . .     Gourm    .   c - +0 shield
rNeg     + . .     Faith    .   s - +0 plate armour
rPois    .         Spirit   .   (helmet unavailable)
rElec    .         Reflect  .   G - +0 cloak
rCorr    .         Harm     .   (no gloves)
MR       +....                  w - +0 pair of boots
Stlth    ..........             (no amulet)
HPRegen  0.22/turn              I - ring of teleportation (curse)
MPRegen  0.12/turn              (no ring)

@: glowing
A: permanent stasis, dig shafts and tunnels, four strong arms, antennae 3
a: Dig, Shaft Self, Divine Shield, Renounce Religion


You were on level 8 of the Dungeon.
You worshipped the Shining One.
The Shining One was most pleased with you.
You were not hungry.

You visited 1 branch of the dungeon, and saw 8 of its levels.
You also visited: Sewer.

You collected 529 gold pieces.
You spent 216 gold pieces at shops.

Inventory:

Hand Weapons
 a - a +0 war axe (weapon)
 b - a +0 whip of electrocution
 E - a +1 flail of protection
Missiles
 A - 3 throwing nets (quivered)
Armour
 c - a +0 shield (worn)
 s - a +0 plate armour (worn)
 w - a +0 pair of boots (worn)
 G - a +0 cloak (worn)
Jewellery
 I - a cursed ring of teleportation (left hand)
Wands
 v - a wand of iceblast (12)
 y - a wand of flame (16)
 z - a wand of enslavement (7)
Scrolls
 g - 2 scrolls of fear {unknown}
 h - 5 scrolls of amnesia {unknown}
 j - 7 scrolls of remove curse {unknown}
 k - a scroll of blinking {unknown}
 m - 3 scrolls of immolation {unknown}
 t - a scroll of magic mapping {unknown}
 u - a scroll of noise {unknown}
 B - 2 scrolls of identify {unknown}
Potions
 d - 2 potions of might
 e - 2 potions of ambrosia {unknown}
 i - a potion of degeneration {unknown}
 l - a potion of berserk rage {unknown}
 n - 6 potions of flight
 o - a potion of magic {unknown}
 p - 3 potions of curing
 q - a potion of invisibility
 r - a potion of lignification {unknown}
 x - 2 potions of heal wounds {unknown}
 C - a potion of cancellation {unknown}
 F - a potion of brilliance {unknown}
 H - a potion of haste {unknown}
Comestibles
 f - 16 rations


   Skills:
 - Level 5.1 Fighting
 - Level 10.0 Axes
 + Level 9.3 Armour
 - Level 9.1 Shields


You had 9 spell levels left.
You didn't know any spells.
Your spell library contained the following spells:

 Spells                   Type           Power        Failure   Level  Hunger
 Animate Skeleton         Necr           N/A          99%         1    ##.....
 Apportation              Tloc           #.....       99%         1    ##.....
 Confusing Touch          Hex            #.....       99%         1    ##.....
 Corona                   Hex            #......      99%         1    ##.....
 Summon Butterflies       Summ           #.......     99%         1    ##.....
 Summon Small Mammal      Summ           #...         99%         1    ##.....
 Ensorcelled Hibernation  Hex/Ice        #.....       100%        2    ###....
 Confuse                  Hex            #.......     100%        3    ####...
 Dazzling Spray           Conj/Hex       #.....       100%        3    ####...
 Lesser Beckoning         Tloc           #.........   100%        3    ####...
 Tukima's Dance           Hex            #.......     100%        3    ####...
 Alistair's Intoxication  Tmut/Pois      #.......     100%        5    ######.
 Invisibility             Hex            #.......     100%        6    #######


Dungeon Overview and Level Annotations

Branches:
Dungeon (8/15)             Temple (0/1) D:4            Lair (0/6) D:8

Altars:
Ashenzari
Dithmenos
Fedhas
Gozag
Ru
Sif Muna
Vehumet
Xom
Yredelemnul
The Shining One

Shops:
D:7 *

Annotations:
D:8 Gastronok


Innate Abilities, Weirdness & Mutations

You cannot be hasted, slowed, berserked, paralysed or teleported.
You can dig through walls and to a lower floor.
Your four strong arms can wield two-handed weapons with a shield.
You have a pair of large antennae on your head. (SInv)


Message History

Gastronok is severely wounded.
Your plate armour prevents you from hitting the jackal.
You block the jackal's attack. Gastronok bites you.
You hit Gastronok.
Gastronok is severely wounded.
You hit the jackal. You block the jackal's attack.
The jackal bites you but does no damage.
You slash Gastronok!
Gastronok is severely wounded.
You hit the jackal. You block the jackal's attack. Gastronok bites you!!
You slice Gastronok!!
Gastronok is almost dead.
You completely miss the jackal. The jackal closely misses you.
You completely miss Gastronok.
Gastronok is almost dead.
You barely miss the jackal.
The jackal bites you but does no damage.
A jackal comes into view.
You block the jackal's attack. Gastronok bites you!!
You die...

#........%.........##.......
##...............#..%.......
####...............((......
#........#####....(%......
....(..#.# ##...#.(....###
...##.##.. #...##.()...##.
......#..# #..##..(%......
.......h.###.##..))).##...
#.....w@##...#.....## #..
#....h#...........## ..
#.### #...........#
......:##..........
......####..........
........ #...........
........ #.#.........
........ #.#.........
.##.... ...........


You could see Gastronok and 2 jackals.

Vanquished Creatures
  Maurice (D:8)
  Joseph (D:8)
  A hippogriff (D:8)
  4 hogs (D:7)
  A human (D:7)
  Menkaure (D:7)
  An ice beast (D:5)
  5 orc warriors
  An ogre (D:8)
  2 phantoms
  A centaur (D:6)
  A crocodile (D:8)
  Blork the orc (D:5)
  2 bullfrogs
  A water moccasin skeleton (D:5)
  2 scorpions
  2 crimson imps
  A quasit (D:6)
  5 orc priests
  A centaur skeleton (D:4)
  9 orc wizards
  4 hounds
  Jessica (D:3)
  An iguana (D:5)
  7 worker ants
  A merfolk siren (Sewer)
  A merfolk avatar (Sewer)
  A worker ant zombie (D:6)
  Robin (D:2)
  2 river rats (Sewer)
  15 gnolls
  10 adders
  3 shadow imps
  2 oozes
  5 adder skeletons
  5 worms
  3 dart slugs
  6 leopard geckos
  31 orcs
  4 ball pythons
  15 giant cockroaches
  14 goblins
  12 hobgoblins
  20 jackals
  8 quokkas
  8 bats
  8 frilled lizards
  A jackal skeleton (D:4)
  7 kobolds
  2 leopard gecko skeletons
  A quokka skeleton (D:7)
  A quokka zombie (D:6)
  31 rats
275 creatures vanquished.

Notes
Turn   | Place    | Note
-------+----------+-------------------------------------------
     0 | D:1      | Duffy the Formicid Fighter began the quest for the Orb.
     0 | D:1      | Reached XP level 1. HP: 18/18 MP: 1/1
   136 | D:1      | Reached XP level 2. HP: 18/24 MP: 2/2
   556 | D:1      | Reached XP level 3. HP: 29/29 MP: 3/3
   827 | D:2      | Reached skill level 3 in Axes
   851 | D:2      | Reached XP level 4. HP: 22/35 MP: 4/4
   915 | D:2      | Found a transporter.
   915 | D:2      | Found a transporter.
   920 | D:2      | Found a glowing golden altar of the Shining One.
   960 | D:2      | Reached skill level 5 in Shields
   969 | D:2      | Became a worshipper of the Shining One
  1131 | D:2      | Reached XP level 5. HP: 41/41 MP: 5/5
  1419 | D:2      | Found a faded altar of an unknown god.
  1420 | D:2      | Noticed Robin
  1444 | D:2      | Killed Robin
  1466 | D:2      | Reached skill level 4 in Axes
  2125 | D:3      | Found a glowing drain.
  2147 | Sewer    | Entered a sewer
  2249 | Sewer    | Reached XP level 6. HP: 43/47 MP: 6/6
  2701 | D:3      | Noticed Jessica
  2716 | D:3      | Killed Jessica
  2750 | D:3      | Reached * piety under the Shining One
  2968 | D:3      | Reached skill level 5 in Axes
  2968 | D:3      | Reached XP level 7. HP: 37/52 MP: 7/7
  3378 | D:3      | Found a blossoming altar of Fedhas.
  3378 | D:3      | Found a sacrificial altar of Ru.
  3378 | D:3      | Found a deep blue altar of Sif Muna.
  3378 | D:3      | Found a basalt altar of Yredelemnul.
  3391 | D:3      | Found a shimmering altar of Xom.
  3391 | D:3      | Found a radiant altar of Vehumet.
  4255 | D:4      | Reached skill level 6 in Axes
  4268 | D:4      | Reached XP level 8. HP: 36/58 MP: 8/8
  4396 | D:4      | Found a staircase to the Ecumenical Temple.
  4854 | D:5      | Entered Level 5 of the Dungeon
  5376 | D:5      | Reached ** piety under the Shining One
  5376 | D:5      | Reached skill level 7 in Axes
  5431 | D:5      | Noticed Blork the orc
  5437 | D:5      | Killed Blork the orc
  5741 | D:6      | Reached XP level 9. HP: 43/64 MP: 9/9
  5955 | D:6      | Reached skill level 8 in Axes
  5955 | D:6      | Reached skill level 5 in Armour
  6056 | D:6      | Found an opulent altar of Gozag.
  6682 | D:7      | Reached *** piety under the Shining One
  6979 | D:7      | Identified the +9 arbalest "Ceygien" {flame, rF+ Int-4
                  | Stlth+}
  6995 | D:7      | Reached skill level 9 in Axes
  7002 | D:7      | Reached XP level 10. HP: 65/73 MP: 10/10
  7334 | D:7      | Noticed Menkaure
  7345 | D:7      | Killed Menkaure
  7345 | D:7      | Reached skill level 5 in Fighting
  7395 | D:7      | Found Ziuhip's Assorted Antiques.
  7512 | D:7      | Found a shadowy altar of Dithmenos.
  7622 | D:7      | Bought a scroll labeled USEFREOVV HOYCHYD for 24 gold
                  | pieces
  7622 | D:7      | Bought a scroll labeled NEAPEN MOPUB for 24 gold pieces
  7622 | D:7      | Bought a scroll labeled USEFREOVV HOYCHYD for 24 gold
                  | pieces
  7622 | D:7      | Bought a scroll labeled JAR YWAOBBUE for 24 gold pieces
  7622 | D:7      | Bought a twisted coral ring for 120 gold pieces
  7664 | D:8      | Found a staircase to the Lair.
  7868 | D:8      | Noticed Maurice
  7884 | D:8      | Killed Maurice
  7884 | D:8      | Reached skill level 10 in Axes
  7887 | D:8      | Noticed Joseph
  7911 | D:8      | Killed Joseph
  7912 | D:8      | Found a shattered altar of Ashenzari.
  8224 | D:8      | Noticed Gastronok
  8245 | D:8      | Mangled by Gastronok

Vault maps used:
D:1:      onia_arrival_larder, roderic_lattice_a, minmay_cupped
D:2:      gammafunk_temple_overflow_arena,
          chequers_ecumenical_altar_simple_redux, uniq_robin
D:3:      minmay_overflow_temple_hex, serial_bayou, serial_bayou_pond_a,
          serial_bayou_pond_c, serial_bayou_lake_a, serial_bayou_pond_e,
          cheibrodos_sewer_entry_drain, uniq_jessica
D:4:      minmay_temple_entry_ruins, minmay_pentangle
D:5:      first_ration, uniq_blork_the_orc
D:6:      nicolae_gozag_seed_capital
D:7:      basic_altar, serial_shops, nicolae_shop_waterfront, grunt_livestock,
          item_on_display_a, uniq_menkaure
D:8:      lair_entry_dummy, basic_altar, nemelex_xobeh_ov_fountains_minmay,
          uniq_gastronok, uniq_joseph, uniq_maurice
Sewer:    sewer_sea

Skill      XL: |  1  2  3  4  5  6  7  8  9 10 |
---------------+-------------------------------+-----
Shields        | 4 5 6 7 9 |  9.1
Axes           | 3 4 5 6 7 9 10 | 10.0
Armour         | 4 7 9 |  9.3
Fighting       | 4 5 |  5.1

Action                   |  1- 3 |  4- 6 |  7- 9 | 10-12 || total
-------------------------+-------+-------+-------+-------++-------
Melee: War axe           |    83 |   216 |   344 |   118 ||   761
 Abil: Dig               |       |     5 |     6 |       ||    11
Evoke: Wand              |       |       |     6 |       ||     6
  Eat: Chunk             |       |     8 |    14 |     4 ||    26
Armor: Scale mail        |    47 |    89 |    48 |       ||   184
       Plate armour      |       |       |    89 |    37 ||   126
Dodge: Dodged            |    36 |    64 |    83 |    24 ||   207
Block: Shield            |    55 |   100 |   188 |    66 ||   409

Table legend:
 A = Non-vault XP
 B = Vault XP
 C = Vault XP percentage of total XP
 D = Non-vault monster count
 E = Vault monster count
 F = Vault count percentage of total count
                 A         B        C        D         E       F
            +---------+---------+-------+---------+---------+-------
      Total |    3685 |    2641 |  41.7 |     194 |      81 |  29.5
            +---------+---------+-------+---------+---------+-------
        D:1 |      38 |      13 |  25.5 |      21 |       7 |  25.0
        D:2 |     146 |      75 |  33.9 |      34 |      15 |  30.6
        D:3 |     123 |      40 |  24.5 |      20 |       3 |  13.0
        D:4 |     357 |     142 |  28.5 |      24 |       6 |  20.0
        D:5 |     501 |      99 |  16.5 |       9 |       1 |  10.0
        D:6 |     790 |       0 |   0.0 |      28 |       0 |   0.0
        D:7 |     963 |    1167 |  54.8 |      36 |       6 |  14.3
        D:8 |     767 |     955 |  55.5 |      22 |       2 |   8.3
      Sewer |       0 |     150 | 100.0 |       0 |      41 | 100.0
            +---------+---------+-------+---------+---------+-------
